AoeStats
← Supershrimp

Arabia

510223389Analyzed
1v1 RM · 14h ago on Sep 30, 2026· 57m 37s· 2 players
Game mode
Random Map
Map size
Tiny (2 player)
Population
200
Speed
Normal
Resources
Standard
Victory
Conquest
Starting age
Dark Age
Ending age
Imperial Age
RankedLock teamsTeams togetherTeam positionsShared explorationLock speedFull tech treeHidden civsTurbo modeCheats
Victory
Defeat
🇭🇰 Byzantines · Hong Kong SAR China
1087
+17
🇧🇷 Varangians · Brazil
1116
-17
Supershrimp
6:37 Loom
7:03 Loom
9:34 Feudal Age
10:43 Double-Bit Axe
11:43 Horse Collar
21:10 Castle Age
19:39 Scale Barding Armor
19:45 Forging
19:41 Gold Mining
20:36 Forging
21:57 Husbandry
22:35 Chain Barding Armor
23:03 Stone Mining
25:24 Iron Casting
25:30 Fletching
26:28 Bow Saw
27:09 Crossbowman
30:35 Bodkin Arrow
35:03 Imperial Age
33:11 Wheelbarrow
33:51 Stone Shaft Mining
33:37 Thumb Ring
35:45 Hand Cart
36:03 Bracer
36:34 Heavy Plow
37:23 Arbalester
40:38 Two-Man Saw
40:24 Plate Barding Armor
40:51 Pikeman
41:31 Squires
42:28 Padded Archer Armor
42:51 Ballistics
43:31 Chemistry
43:42 Elite Cataphract
44:40 Leather Archer Armor
44:03 Halberdier
45:23 Scale Mail Armor
48:38 Conscription
48:29 Light Cavalry
49:41 Ring Archer Armor
49:26 Chain Mail Armor
50:40 Arson
50:53 Hussar
52:09 Plate Mail Armor
Nebrown#1 JUGGERNAUT
6:21 Loom
9:06 Feudal Age
9:44 Double-Bit Axe
15:25 Horse Collar
20:16 Castle Age
18:14 Arson
18:44 Scale Mail Armor
19:35 Gold Mining
20:15 Forging
20:35 Stone Mining
22:51 Bow Saw
23:15 Pikeman
25:00 Heavy Plow
26:37 Chain Mail Armor
26:52 Fletching
27:53 Wheelbarrow
29:47 Bloodlines
29:37 Husbandry
33:46 Gambesons
36:35 Imperial Age
34:22 Hand Cart
34:17 Squires
35:04 Iron Casting
34:24 Bodkin Arrow
35:28 Ballistics
36:44 Bodkin Arrow
36:19 Light Cavalry
37:36 Scale Barding Armor
36:58 Capped Ram
38:21 Cavalier
39:39 Chain Barding Armor
40:55 Blast Furnace
41:31 Conscription
41:59 Bracer
44:40 Conscription
44:50 Vendel Legacy
47:55 Chemistry
46:56 Hussar
48:37 Plate Barding Armor
48:53 Elite Skirmisher
54:48 Masonry
54:34 Murder Holes
Connection lost

Rejoining the realm…

Still unreachable

The connection could not be restored.

Session expired

The server has moved on; the page needs a fresh start.